 Dungeon Crawl Stone Soup version 0.21.1-1-g345015fe64 (webtiles) character file.

85 Ivernyr the Shooter (level 4, 0/36 HPs)
             Began as a Centaur Arcane Marksman on Mar 27, 2018.
             Slain by Robin
             ... wielding a +2 short sword of electrocution
              (16 damage)
             ... on level 2 of the Dungeon.
             The game lasted 00:14:56 (1755 turns).

Ivernyr the Shooter (Centaur Arcane Marksman)       Turns: 1755, Time: 00:14:57

Health: 0/36       AC:  4    Str: 12    XL:     4   Next: 25%
Magic:  5/5        EV: 10    Int: 12    God:
Gold:   140        SH:  0    Dex: 11    Spells: 4/5 levels left

rFire    . . .     SeeInvis .   a - +0 shortbow
rCold    . . .     Gourm    .   (shield currently unavailable)
rNeg     . . .     Faith    .   e - +0 robe
rPois    .         Spirit   .   (no helmet)
rElec    .         Reflect  .   (no cloak)
rCorr    .         Harm     .   (no gloves)
MR       .....                  (no barding)
Stlth    +.........             (no amulet)
HPRegen  0.12/turn              (no ring)
MPRegen  0.09/turn              (no ring)

@: very quick
A: large, hooves 3, deformed body, speed 2, tough skin 3
a: no special abilities


You were on level 2 of the Dungeon.
You were hungry.

You visited 1 branch of the dungeon, and saw 2 of its levels.

You collected 140 gold pieces.

Inventory:

Hand Weapons
 a - a +0 shortbow (weapon)
Missiles
 d - 30 arrows (quivered)
Armour
 e - a +0 robe (worn)
Wands
 i - a wand of iceblast (11)
Scrolls
 b - 3 scrolls of identify {unknown}
 g - a scroll of random uselessness {unknown}
 h - a scroll of fog {unknown}
Potions
 j - 2 potions of heal wounds {unknown}
Books
 c - a book of Debilitation

   Spells                             Type                      Level
   a - Corona                         Hexes                        1
   b - Slow                           Hexes                        2
   c - Inner Flame                    Hexes/Fire                   3
   d - Portal Projectile              Hexes/Translocation          3
   e - Cause Fear                     Hexes                        4
   f - Leda's Liquefaction            Hexes/Earth                  4
Comestibles
 f - 4 rations


   Skills:
 + Level 2.1 Fighting
 * Level 4.7 Bows
 - Level 1.3 Dodging
 - Level 1.0 Spellcasting
 + Level 3.3 Hexes


You had 4 spell levels left.
You knew the following spells:

 Your Spells              Type           Power        Failure   Level  Hunger
a - Corona                Hex            #......      8%          1    ##.....


Dungeon Overview and Level Annotations

Branches:
Dungeon (2/15)

Altars:
Yredelemnul

Annotations:
D:2 Robin


Innate Abilities, Weirdness & Mutations

You have hooves in place of feet.
Armour fits poorly on your strangely shaped body.
You cover ground very quickly.
You have extremely tough skin. (AC +3)


Message History

The arrow hits Robin but does no damage.
Robin is moderately wounded.
A goblin comes into view. It is wielding a dagger.
Firing (i - inventory):
d - 32 arrows (quivered)
Press: ? - help, Shift-Dir - straight line, f/p - Robin
Aim: Robin, wielding a short sword of electrocution, wearing an animal skin and wearing a steaming helmet (moderately wounded)
You shoot an arrow. The goblin shouts!
The arrow hits Robin!
Robin is severely wounded.
Robin closely misses you.
A hobgoblin comes into view. It is wielding a club.
Firing (i - inventory):
d - 31 arrows (quivered)
Press: ? - help, Shift-Dir - straight line, f/p - Robin
Aim: Robin, wielding a short sword of electrocution, wearing an animal skin and wearing a steaming helmet (severely wounded)
You shoot an arrow. The arrow barely misses Robin.
Robin hits you but does no damage.
Robin hits you with a short sword of electrocution.
You are electrocuted!
You die...

#.....# ####.##
#.# #.#
###.#######
#.........#
#.#.#####.#
#.#.### #@#...#
#####g#...#
...#(....###
####.#.........
##.#.....(.g..####
......r.###g#....
.#.#.#.g# #g#####
# #..# #.#
#......# #+#


You could see Robin, a hobgoblin and 2 goblins.

Vanquished Creatures
  Jessica (D:2)
  A human skeleton (D:2)
  An ooze (D:2)
  2 dart slugs (D:1)
  2 giant cockroaches
  4 goblins
  5 hobgoblins
  2 kobolds (D:1)
  5 bats
  2 frilled lizards (D:1)
  A goblin zombie (D:2)
  2 rats
28 creatures vanquished.

Notes
Turn   | Place    | Note
-------+----------+-------------------------------------------
     0 | D:1      | Ivernyr the Centaur Arcane Marksman began the quest for the Orb.
     0 | D:1      | Reached XP level 1. HP: 16/16 MP: 2/2
   208 | D:1      | Reached skill level 3 in Bows
   255 | D:1      | Reached XP level 2. HP: 12/23 MP: 3/3
  1145 | D:2      | Noticed Jessica
  1165 | D:2      | Killed Jessica
  1165 | D:2      | Reached skill level 4 in Bows
  1165 | D:2      | Reached XP level 3. HP: 10/29 MP: 4/4
  1487 | D:2      | Noticed a human
  1488 | D:2      | Found a runed door.
  1550 | D:2      | Reached XP level 4. HP: 18/36 MP: 5/5
  1677 | D:2      | Found a basalt altar of Yredelemnul.
  1747 | D:2      | Noticed Robin
  1755 | D:2      | Slain by Robin

Skill      XL: |  1  2  3 |
---------------+----------+-----
Bows           | 3 4 |  4.7
Hexes          | 3 |  3.3
Fighting       | 2 |  2.1
Dodging        | |  1.3
Spellcasting   | |  1.0

Action                   |  1- 3 |  4- 6 || total
-------------------------+-------+-------++-------
Melee: Unarmed           |    86 |    18 ||   104
       Kick              |    13 |     3 ||    16
 Fire: Shortbow          |    35 |    13 ||    48
  Use: Potion            |     1 |       ||     1
  Eat: Chunk             |     1 |       ||     1
Armor: Robe              |    44 |    12 ||    56
Dodge: Dodged            |    49 |    11 ||    60
